 Dungeon Crawl Stone Soup version 0.27-a0-909-g0721f309d1 (webtiles) character file.

Game seed: 16945365873546405119

9 Alarkh the Insei (level 2, 21/21 HPs)
             Began as a Demonspawn Transmuter on Apr 8, 2021.
             Got out of the dungeon alive.
             The game lasted 00:00:17 (440 turns).

Alarkh the Insei (Demonspawn Transmuter)             Turns: 440, Time: 00:00:18

Health: 21/21      AC:  2    Str: 10    XL:     2   Next: 3%
Magic:  5/5        EV: 12    Int: 14    God:
Gold:   12         SH:  0    Dex: 13    Spells: 4/5 levels left

rFire    . . .     SeeInvis .     - Unarmed
rCold    . . .     Faith    .   (no shield)
rNeg     . . .     Spirit   .   a - +0 robe
rPois    .         Reflect  .   (no helmet)
rElec    .         Harm     .   (no cloak)
rCorr    .         Rampage  .   (no gloves)
Will     .....                  (no boots)
Stlth    +.........             (no amulet)
HPRegen  0.07/turn              (no ring)
MPRegen  0.09/turn              (no ring)

@: no status effects
A: powered by pain 1
a: no special abilities


You escaped.
You visited 1 branch of the dungeon, and saw 1 of its levels.

You collected 12 gold pieces.

Inventory:

Armour
 a - a +0 robe (worn)
Scrolls
 b - a scroll of enchant weapon {unknown}
 c - a scroll of magic mapping {unknown}
Potions
 d - a potion of curing {unknown}


   Skills:
 + Level 1.4 Fighting
 - Level 1.7 Dodging
 * Level 3.1 Unarmed Combat
 - Level 2.0 Spellcasting
 - Level 1.7 Transmutations


You had 4 spell levels left.
You knew the following spells:

 Your Spells              Type           Power      Damage    Failure   Level
a - Beastly Appendage     Tmut           12%        N/A       12%         1

Your spell library contained the following spells:

 Spells                   Type           Power      Damage    Failure   Level
 Wereblood                Tmut           6%         N/A       17%         2
 Spider Form              Tmut/Pois      1%         N/A       45%         3
 Ice Form                 Ice/Tmut       3%         N/A       86%         4
 Hydra Form               Tmut           3%         N/A       97%         5


Dungeon Overview and Level Annotations

Branches:
Dungeon (1/15)

Altars:


Innate Abilities, Weirdness & Mutations

You sometimes gain a little power by taking damage.


Message History

You start resting.
HP restored.
You start resting.
HP restored.
You grow a pair of large bovine horns.
Your feet morph into talons.
Your transformation is almost over.
c - a scroll labelled JESIFFOSMO Your horns disappear.
Your talons disappear.
Magic restored.
d - a brown potion
Found a mace.
A giant cockroach comes into view.
A giant cockroach is nearby!
The giant cockroach bites you but does no damage.
Casting: Beastly Appendage (safe; 12% risk of failure)
Confirm with . or Enter, or press ? or * to list all spells.
You grow a pair of large bovine horns.
Your feet morph into talons.
The giant cockroach closely misses you.
Unknown command.
You hit the giant cockroach but do no damage.
Your kick misses the giant cockroach.
The giant cockroach bites you but does no damage.
You hit the giant cockroach.
The giant cockroach is heavily wounded.
The giant cockroach barely misses you. The giant cockroach bites you.
You hit the giant cockroach.
You kill the giant cockroach!
You have reached level 2!
Your demonic ancestry asserts itself...
You feel energised by your suffering.
Your transformation is almost over.
Your horns disappear.
Your talons disappear.
Found a war axe and 30 sling bullets.
Things that are here:
a +0 club; a +0 club; a goblin skeleton You see here a +0 mace.
You see here a ball python skeleton.
There is a staircase leading out of the dungeon here.
Are you sure you want to leave the Dungeon?
This will make you lose the game!
You have escaped!

####.######.#
#.........#.####
###.#########....#
#...........#.)#.##
###.#####.###.##.....
#...#...#...#..รท.....
#.###.# ###.###......
#.....# #...#......
###.@.# ###.#......
#.....# #.#.....)
#.###.# #.#.(.... ..#
# ###...... ####
#...... #..#### ##.#
..


There were no monsters in sight!

Vanquished Creatures
  2 giant cockroaches (D:1)
  2 goblins (D:1)
  A hobgoblin (D:1)
  A quokka (D:1)
  A ball python (D:1)
  A rat (D:1)
8 creatures vanquished.

Notes
Turn   | Place    | Note
-------+----------+-------------------------------------------
     0 | D:1      | Alarkh the Demonspawn Transmuter began the quest for the
                  | Orb.
     0 | D:1      | Reached XP level 1. HP: 15/15 MP: 3/3
   118 | D:1      | Reached skill level 3 in Unarmed Combat
   385 | D:1      | Gained mutation: You sometimes gain a little power by
                  | taking damage. [demonic ancestry]
   385 | D:1      | Reached XP level 2. HP: 19/21 MP: 3/5
   440 | D:$      | Got out of the dungeon alive.

Illustrated notes

Levels and vault maps discovered:
D:1:      psy_arrival_radial02, layout_rooms, serial_shops, shop

Skill      XL: |  1 |
---------------+----+-----
Unarmed Combat | 3 |  3.1
Fighting       | |  1.4
Dodging        | |  1.7
Spellcasting   | |  2.0
Transmutations | |  1.7

Action                   || total
-------------------------++-------
Melee: Unarmed           ||    20
       Kick              ||     3
 Cast: Beastly Appendage ||     4
Armor: Robe              ||     5
Dodge: Dodged            ||    13

Table legend: (Time is in decaauts)
 A = Elapsed time spent in this place.
 B = Non-inter-level travel time spent in this place.
 C = Inter-level travel time spent in this place.
 D = Time resting spent in this place.
 E = Time spent auto-exploring this place.
 F = Levels seen in this place.
 G = Mean time per level.
                   A        B        C        D        E       F      G
               +--------+--------+--------+--------+--------+-----+--------+
         Total |    439 |    398 |     41 |    239 |    114 |   1 |  439.0 |
       Dungeon |    439 |    398 |     41 |    239 |    114 |   1 |  439.0 |
               +--------+--------+--------+--------+--------+-----+--------+

Top non-repeatable levels by time:
     D:1: 439 daAuts
